 Dungeon Crawl Stone Soup version 0.16.1-18-g436b03c (webtiles) character file.

13586 drasked the Severer (level 12, 0/109 HPs)
             Began as a Gargoyle Berserker on Apr 28, 2015.
             Was an Elder of Trog.
             Slain by a 20-headed hydra (2 damage)
             ... on level 1 of the Lair of Beasts.
             The game lasted 00:14:30 (14038 turns).

drasked the Severer (Gargoyle Berserker)           Turns: 14038, Time: 00:14:30

Health: 0/109      AC: 26    Str: 30    XL:     12   Next: 7%
Magic:  12/12      EV:  8    Int:  9    God:    Trog [****..]
Gold:   0          SH:  0    Dex:  9    Spells: 0 memorised, 11 levels left

rFire  . . .     SeeInvis .     p - +3 broad axe (holy)
rCold  . . .     Clarity  .     f - +0 plate armour
rNeg   + . .     SustAb   .     (no shield)
rPois  ∞         Gourm    .     (no helmet)
rElec  +         Spirit   .     d - +0 cloak
rCorr  .         Warding  .     b - +1 pair of gloves
rMut   .         Stasis   .     (no boots)
MR     +....                    (no amulet)
Stlth  ..........               t - ring of protection from magic
                                s - +2 ring of protection

@: berserking (expiring), very quick, somewhat resistant to hostile
enchantments, extremely unstealthy
A: negative energy resistance 1, electricity resistance, unbreathing,
petrification resistance, rot immunity, AC +8
a: Burn Spellbooks, Berserk, Trog's Hand, Brothers in Arms, Renounce Religion


You were on level 1 of the Lair of Beasts.
You worshipped Trog.
Trog was greatly pleased with you.
You were not hungry.

You visited 2 branches of the dungeon, and saw 12 of its levels.
You also visited: Sewer.


Innate Abilities, Weirdness & Mutations

You are resistant to torment.
You are immune to poison.
Your stone body is very resilient (AC +8).
You resist negative energy.
You are resistant to electric shocks.
You can survive without breathing.
You are immune to petrification.
You are immune to rotting.


   Skills:
 + Level 7.7 Fighting
 + Level 15.4 Axes
 - Level 5.2 Armour
 - Level 1.5 Dodging


You had 11 spell levels left.
You didn't know any spells.

Inventory:

Hand weapons
 p - a +3 broad axe of holy wrath (weapon)
Armour
 b - a +1 pair of gloves (worn)
 d - a +0 cloak (worn)
 f - a +0 plate armour (worn)
Jewellery
 g - a +2 ring of strength {unknown}
 j - an uncursed ring of ice
 r - an uncursed ring of wizardry {unknown}
 s - a +2 ring of protection (left hand)
 t - a ring of protection from magic (right hand)
 w - an uncursed ring of fire {unknown}
Scrolls
 h - 2 scrolls of teleportation
 n - 2 scrolls of recharging
Potions
 a - 2 potions of might
 c - 3 potions of heal wounds
 i - a potion of restore abilities
 k - 11 potions of curing
 l - a potion of berserk rage {unknown}
 m - a potion of agility {unknown}
 o - a potion of degeneration {unknown}
 q - a potion of beneficial mutation {unknown}
Comestibles
 e - a meat ration
 u - 2 bread rations

Dungeon Overview and Level Annotations

Branches:
Dungeon (11/15)            Temple (0/1) D:7            Lair (1/8) D:11
    Orc (0/4) D:9

Altars:
Cheibriados
Dithmenos
Elyvilon
Gozag
Nemelex Xobeh
Okawaru
Qazlal
Sif Muna
Trog
Vehumet
Xom
Yredelemnul
The Shining One


Message History

The 19-headed hydra bites you but does no damage. x3
The 19-headed hydra barely misses you.
The 19-headed hydra bites you but does no damage.
The 19-headed hydra bites you. The 19-headed hydra barely misses you.
The 19-headed hydra bites you. The 19-headed hydra barely misses you.
The 19-headed hydra bites you!
You lop one of the 19-headed hydra's heads off!
The 18-headed hydra grows two more!
You slice the 20-headed hydra!!
The 20-headed hydra is almost dead.
Your plate armour prevents you from hitting the 20-headed hydra.
The 20-headed hydra is almost dead.
The 20-headed hydra bites you but does no damage.
The 20-headed hydra completely misses you.
The 20-headed hydra bites you but does no damage.
The 20-headed hydra bites you!
The 20-headed hydra bites you but does no damage.
The 20-headed hydra bites you.
The 20-headed hydra bites you but does no damage. x2
The 20-headed hydra bites you.
You die...

...##...........#.....#..
..#.............#..
##............#..
#............'..
#......#.....#..
#......#.....P..
##...............
...######........P#.#....
.......D@O...............
.##.#.##########P####.###
### ###


You could see a 20-headed hydra and a friendly two-headed ogre (berserk).

Vanquished Creatures
  A hydra (Lair:1)
  An unseen horror (D:11)
  A hill giant (D:10)
  Maurice (D:8)
  2 spiny frogs (Lair:1)
  Psyche (D:11)
  A gargoyle (D:11)
  A centaur skeleton (D:11)
  A kobold demonologist (D:8)
  A komodo dragon (Lair:1)
  A two-headed ogre (D:9)
  A shadow (D:9)
  2 humans (D:8)
  A deep elf mage (D:11)
  Eustachio (D:6)
  2 wyverns
  5 hippogriffs
  4 yaks (D:10)
  A hungry ghost (D:8)
  The ghost of drasked the Chopper, an average GrBe of Trog (D:3)
  A water moccasin (Lair:1)
  2 porcupines
  A black bear (D:7)
  4 ice beasts
  2 sky beasts
  5 orc warriors
  5 ogres
  A wasp (D:11)
  4 centaurs
  An eye of draining (D:9)
  2 phantoms
  A crocodile (Lair:1)
  3 necrophages
  Sigmund (D:2)
  Duvessa (D:6)
  8 giant frogs
  Blork the orc (D:6)
  3 big kobolds
  3 killer bees (D:9)
  6 scorpions
  6 jellies
  4 goliath beetles
  A lava snake (D:9)
  Dowan (D:6)
  A centaur zombie (D:6)
  4 crimson imps
  A giant frog zombie (D:6)
  A quasit (D:8)
  3 orc priests
  4 iguanas
  Crazy Yiuf (D:2)
  2 giant frog skeletons
  5 hounds
  9 worker ants
  15 orc wizards
  18 adders
  4 gnolls (D:5)
  18 river rats
  4 giant mites
  2 shadow imps
  4 worms
  4 adder skeletons
  10 giant geckos
  3 oozes
  55 orcs
  16 hobgoblins
  25 kobolds
  5 quokkas
  22 bats
  7 giant cockroaches
  A giant gecko skeleton (D:5)
  A giant gecko zombie (D:5)
  5 giant newts
  16 goblins
  12 jackals
  A jackal skeleton (D:4)
  2 quokka skeletons
  15 rats
  3 ballistomycetes (D:8)
  2 butterflies (D:6)
398 creatures vanquished.

Vanquished Creatures (collateral kills)
  A hydra (D:11)
  A centaur skeleton (D:11)
  A crocodile (D:11)
  A giant frog (D:11)
  A lava snake (D:9)
  A hound zombie (D:11)
6 creatures vanquished.

Vanquished Creatures (others)
  2 ogres
  A jelly (D:8)
  A giant spore (D:8)
4 creatures vanquished.

Grand Total: 408 creatures vanquished

Notes
Turn   | Place    | Note
--------------------------------------------------------------
     0 | D:1      | drasked, the Gargoyle Berserker, began the quest for the Orb.
     0 | D:1      | Reached XP level 1. HP: 14/14 MP: 1/1
     0 | D:1      | 0 ||| counter = 7
    99 | D:1      | Reached skill level 3 in Axes
   238 | D:1      | Reached XP level 2. HP: 17/19 MP: 2/2
   488 | D:1      | Acquired Trog's second power
   820 | D:1      | Reached XP level 3. HP: 23/23 MP: 3/3
  1008 | D:1      | 1008 ||| UPGRADING to leather armour.
  1018 | D:1      | 1018 ||| DROPPING +0 animal skin.
  1051 | D:2      | 1051 ||| STAIRDANCE
  1103 | D:2      | Reached skill level 4 in Axes
  1315 | D:2      | Reached XP level 4. HP: 28/28 MP: 4/4
  1526 | D:2      | 1526 ||| INVOKING Berserk.
  1676 | D:2      | 1676 ||| EATING beef jerky.
  1695 | D:2      | Noticed Crazy Yiuf
  1697 | D:2      | 1697 ||| INVOKING Berserk.
  1702 | D:2      | Killed Crazy Yiuf
  1743 | D:2      | 1743 ||| EATING slice of pizza.
  1827 | D:2      | Noticed Sigmund
  1830 | D:2      | 1830 ||| INVOKING Berserk.
  1836 | D:2      | Killed Sigmund
  1836 | D:2      | Reached skill level 5 in Axes
  1836 | D:2      | Reached XP level 5. HP: 32/32 MP: 5/5
  1878 | D:2      | 1878 ||| EATING 2 bread rations.
  2194 | D:2      | 2194 ||| UPGRADING to pair of gloves.
  2199 | D:2      | 2199 ||| UPGRADING to cloak.
  2204 | D:2      | 2204 ||| READING scroll labeled SKUTOQ OSTY.
  2205 | D:2      | 2205 ||| READING scroll labeled SKYWOI SENTOMO.
  2206 | D:2      | 2206 ||| READING scroll labeled PUAHAG URRU.
  2207 | D:2      | 2207 ||| DRINKING 4 puce potions {tried by monster}.
  2391 | D:3      | Found a glowing drain.
  2392 | D:3      | 2392 ||| Found Sewer.
  2504 | D:3      | Reached XP level 6. HP: 37/37 MP: 6/6
  2510 | D:3      | Reached skill level 6 in Axes
  2577 | Sewer    | Entered a sewer
  2578 | Sewer    | 2578 ||| Entered Sewer.
  2591 | Sewer    | 2591 ||| INVOKING Berserk.
  2827 | Sewer    | 2827 ||| Stepping ~*~*~tactically~*~*~ (water).
  2830 | Sewer    | 2830 ||| Stepping ~*~*~tactically~*~*~ (water).
  2869 | Sewer    | Found a white marble altar of Elyvilon.
  2930 | Sewer    | 2930 ||| UPGRADING to scale mail.
  2940 | Sewer    | 2940 ||| DROPPING +0 leather armour.
  2941 | Sewer    | 2941 ||| READING scroll labeled CRUW DADDUT.
  2942 | Sewer    | 2942 ||| DRINKING 2 bubbling clear potions.
  2943 | Sewer    | 2943 ||| DRINKING 2 emerald potions.
  2944 | Sewer    | 2944 ||| DRINKING 3 sapphire potions.
  2999 | D:3      | Acquired Trog's third power
  3113 | D:3      | 3113 ||| INVOKING Berserk.
  3122 | D:3      | 3122 ||| EATING 2 bread rations.
  3176 | D:3      | Found a basalt altar of Yredelemnul.
  3176 | D:3      | Found a deep blue altar of Sif Muna.
  3176 | D:3      | Found a glowing golden altar of the Shining One.
  3310 | D:3      | Found a white marble altar of Elyvilon.
  3347 | D:3      | Noticed drasked's ghost (average GrBe)
  3348 | D:3      | Found a glowing golden altar of the Shining One.
  3349 | D:3      | 3349 ||| INVOKING Berserk.
  3357 | D:3      | Killed drasked's ghost
  3357 | D:3      | Reached skill level 7 in Axes
  3357 | D:3      | Reached XP level 7. HP: 16/41 MP: 7/7
  3686 | D:3      | 3686 ||| READING 2 scrolls labeled NOLLUT TITHRYA.
  3904 | D:4      | 3904 ||| UPGRADING to war axe.
  3905 | D:4      | 3905 ||| DROPPING +1 hand axe.
  3944 | D:4      | 3944 ||| INVOKING Burn Spellbooks.
  4183 | D:4      | 4183 ||| EATING bread ration.
  4362 | D:4      | Reached skill level 8 in Axes
  4539 | D:4      | 4539 ||| UPGRADING to plate armour.
  4549 | D:4      | 4549 ||| DROPPING +0 scale mail.
  4550 | D:4      | 4550 ||| UPGRADING to glowing ivory ring.
  4551 | D:4      | 4551 ||| REMOVING ring of magical power.
  4552 | D:4      | 4552 ||| DROPPING ring of magical power.
  4553 | D:4      | 4553 ||| READING scroll labeled SUONWAN IXZA.
  4554 | D:4      | 4554 ||| READING scroll labeled HIULAI PESAL.
  4555 | D:4      | 4555 ||| READING scroll labeled PEBASI GIQEASH.
  4556 | D:4      | 4556 ||| READING scroll labeled PENGEN PIOW.
  4589 | D:5      | Entered Level 5 of the Dungeon
  4741 | D:5      | Reached skill level 3 in Armour
  4741 | D:5      | Reached XP level 8. HP: 39/48 MP: 8/8
  4955 | D:5      | Found a sparkling altar of Nemelex Xobeh.
  4960 | D:5      | 4960 ||| INVOKING Berserk.
  5184 | D:5      | 5184 ||| EATING 3 meat rations.
  5402 | D:5      | Reached skill level 9 in Axes
  5608 | D:5      | 5608 ||| READING scroll labeled FRUIMUVVYIMO.
  5609 | D:5      | 5609 ||| READING scroll labeled PSOPEPLIRGHE.
  5610 | D:5      | 5610 ||| READING 2 scrolls of identify.
  5610 | D:5      | 5610 ||| IDENTIFYING viscous amethyst potion
  5668 | D:6      | 5668 ||| READING scroll of enchant weapon.
  5668 | D:6      | 5668 ||| ENCHANTING +0 war axe.
  5688 | D:6      | 5688 ||| INVOKING Berserk.
  5895 | D:6      | Noticed Blork the orc
  5903 | D:6      | Killed Blork the orc
  5922 | D:6      | Noticed Duvessa
  5924 | D:6      | Noticed Dowan
  5932 | D:6      | 5932 ||| INVOKING Berserk.
  5935 | D:6      | Killed Duvessa
  5936 | D:6      | Killed Dowan
  6139 | D:6      | Received a gift from Trog
  6246 | D:6      | 6246 ||| INVOKING Berserk.
  6249 | D:6      | Reached XP level 9. HP: 52/54 MP: 9/9
  6259 | D:6      | 6259 ||| EATING slice of pizza.
  6329 | D:6      | 6329 ||| INVOKING Berserk.
  6333 | D:6      | Reached skill level 10 in Axes
  6385 | D:6      | 6385 ||| EATING 2 meat rations.
  6411 | D:6      | Found a shimmering altar of Xom.
  6552 | D:6      | Noticed Eustachio
  6563 | D:6      | Killed Eustachio
  7177 | D:6      | Found an opulent altar of Gozag.
  7193 | D:6      | 7193 ||| UPGRADING to small iron ring.
  7194 | D:6      | 7194 ||| REMOVING ring of ice.
  7207 | D:6      | 7207 ||| READING scroll labeled IPLIKE SIOJUTE.
  7208 | D:6      | 7208 ||| READING scroll labeled YDYVORGHAODABB.
  7212 | D:6      | 7212 ||| READING 2 scrolls of identify.
  7212 | D:6      | 7212 ||| IDENTIFYING murky ruby potion
  7222 | D:7      | 7222 ||| STAIRDANCE
  7259 | D:7      | Reached skill level 11 in Axes
  7266 | D:7      | 7266 ||| INVOKING Berserk.
  7407 | D:7      | 7407 ||| INVOKING Berserk.
  7804 | D:7      | Found a staircase to the Ecumenical Temple.
  7811 | D:7      | Received a gift from Trog
  7916 | D:7      | 7916 ||| INVOKING Berserk.
  7930 | D:7      | 7930 ||| EATING 2 meat rations.
  8071 | D:7      | 8071 ||| INVOKING Burn Spellbooks.
  8272 | D:7      | 8272 ||| INVOKING Berserk.
  8278 | D:7      | Reached XP level 10. HP: 60/60 MP: 10/10
  8432 | D:7      | 8432 ||| UPGRADING to large bone ring.
  8433 | D:7      | 8433 ||| READING 3 scrolls of remove curse.
  8434 | D:7      | 8434 ||| REMOVING ring of loudness.
  8435 | D:7      | 8435 ||| DROPPING ring of loudness.
  8436 | D:7      | 8436 ||| UPGRADING to twisted jade ring.
  8437 | D:7      | 8437 ||| REMOVING ring of flight.
  8438 | D:7      | 8438 ||| DROPPING ring of flight.
  8439 | D:7      | 8439 ||| UPGRADING to large garnet ring.
  8440 | D:7      | 8440 ||| READING 2 scrolls of remove curse.
  8441 | D:7      | 8441 ||| REMOVING -4 ring of intelligence.
  8442 | D:7      | 8442 ||| DROPPING -4 ring of intelligence.
  8443 | D:7      | 8443 ||| READING 2 scrolls of identify.
  8443 | D:7      | 8443 ||| IDENTIFYING encrusted granite ring
  8444 | D:7      | 8444 ||| UPGRADING to +2 ring of protection.
  8445 | D:7      | 8445 ||| READING scroll of identify.
  8445 | D:7      | 8445 ||| IDENTIFYING large steel ring
  8446 | D:7      | 8446 ||| UPGRADING to cursed ring of protection from magic.
  8447 | D:7      | 8447 ||| READING scroll of remove curse.
  8541 | D:8      | 8541 ||| STAIRDANCE
  8549 | D:7      | Reached skill level 6 in Fighting
  8601 | D:8      | Found a shadowy altar of Dithmenos.
  8610 | D:8      | Found a radiant altar of Vehumet.
  8617 | D:8      | Reached skill level 12 in Axes
  8677 | D:8      | Found a stormy altar of Qazlal.
  8678 | D:8      | 8678 ||| INVOKING Berserk.
  8727 | D:8      | 8727 ||| EATING meat ration.
  8740 | D:8      | Found a snail-covered altar of Cheibriados.
  8777 | D:8      | 8777 ||| INVOKING Berserk.
  8829 | D:8      | 8829 ||| INVOKING Berserk.
  8849 | D:8      | 8849 ||| INVOKING Brothers in Arms.
  8871 | D:8      | 8871 ||| INVOKING Berserk.
  8948 | D:8      | 8948 ||| INVOKING Berserk.
  9146 | D:8      | 9146 ||| INVOKING Berserk.
  9361 | D:8      | Found an iron altar of Okawaru.
  9418 | D:8      | Noticed a soul eater
  9418 | D:8      | 9418 ||| INVOKING Brothers in Arms.
  9431 | D:8      | 9431 ||| INVOKING Berserk.
  9649 | D:8      | Found a bloodstained altar of Trog.
  9649 | D:8      | Noticed Maurice
  9657 | D:8      | Killed Maurice
  9657 | D:8      | Reached skill level 13 in Axes
  9745 | D:8      | Received a gift from Trog
  9936 | D:9      | 9936 ||| INVOKING Burn Spellbooks.
 10003 | D:9      | 10003 ||| INVOKING Berserk.
 10509 | D:9      | Noticed an ice dragon
 10576 | D:9      | Found a staircase to the Orcish Mines.
 10647 | D:9      | 10647 ||| INVOKING Berserk.
 10849 | D:9      | 10849 ||| INVOKING Brothers in Arms.
 10855 | D:9      | 10855 ||| EATING 8 slices of pizza.
 10957 | D:9      | Reached XP level 11. HP: 51/66 MP: 11/11
 11026 | D:9      | 11026 ||| INVOKING Berserk.
 11111 | D:9      | 11111 ||| EATING 7 slices of pizza.
 11253 | D:9      | 11253 ||| INVOKING Brothers in Arms.
 11272 | D:9      | 11272 ||| READING scroll labeled STRUIB UDANEYFE.
 11273 | D:9      | 11273 ||| READING scroll of identify.
 11273 | D:9      | 11273 ||| IDENTIFYING thin emerald amulet
 11277 | D:9      | 11277 ||| INVOKING Brothers in Arms.
 11292 | D:9      | 11292 ||| DROPPING cursed amulet of inaccuracy.
 11302 | D:10     | Entered Level 10 of the Dungeon
 11307 | D:10     | 11307 ||| STAIRDANCE
 11314 | D:9      | 11314 ||| INVOKING Brothers in Arms.
 11480 | D:10     | 11480 ||| INVOKING Berserk.
 11492 | D:10     | 11492 ||| EATING 6 slices of pizza.
 11663 | D:10     | 11663 ||| READING scroll of enchant armour.
 11663 | D:10     | 11663 ||| ENCHANTING +0 pair of gloves.
 11671 | D:10     | Noticed a hill giant
 11674 | D:10     | 11674 ||| INVOKING Berserk.
 11678 | D:10     | Killed a hill giant
 11678 | D:10     | Reached skill level 14 in Axes
 12127 | D:10     | 12127 ||| UPGRADING to runed cloak.
 12137 | D:10     | 12137 ||| READING scroll of remove curse.
 12138 | D:10     | 12138 ||| UPGRADING to +0 cloak.
 12148 | D:10     | 12148 ||| DROPPING -2 cloak.
 12149 | D:10     | 12149 ||| READING 2 scrolls labeled UPEIM BREFO.
 12193 | D:11     | 12193 ||| INVOKING Berserk.
 12208 | D:11     | 12208 ||| EATING 5 slices of pizza.
 12271 | D:11     | Noticed a five-headed hydra
 12271 | D:11     | 12271 ||| INVOKING Brothers in Arms.
 12275 | D:11     | 12275 ||| INVOKING Brothers in Arms.
 12276 | D:11     | 12276 ||| INVOKING Berserk.
 12281 | D:11     | Killed a ten-headed hydra
 12286 | D:11     | 12286 ||| EATING 4 slices of pizza.
 12325 | D:11     | Killed an unseen horror
 12333 | D:11     | Found a staircase to the Lair.
 12356 | D:11     | 12356 ||| INVOKING Berserk.
 12388 | D:11     | 12388 ||| EATING 3 slices of pizza.
 12404 | D:11     | 12404 ||| READING scroll of enchant weapon.
 12404 | D:11     | 12404 ||| ENCHANTING +1 war axe.
 12511 | D:11     | 12511 ||| INVOKING Berserk.
 12541 | D:11     | 12541 ||| EATING 2 slices of pizza.
 12642 | D:11     | Noticed Psyche
 12646 | D:11     | 12646 ||| INVOKING Berserk.
 12650 | D:11     | Killed Psyche
 12681 | D:11     | 12681 ||| EATING slice of pizza.
 12991 | D:11     | 12991 ||| EATING 3 meat rations.
 13071 | D:11     | 13071 ||| DRINKING 2 bubbling inky potions.
 13072 | D:11     | 13072 ||| DRINKING 2 bubbling amethyst potions.
 13098 | Lair:1   | Entered Level 1 of the Lair of Beasts
 13099 | Lair:1   | 13099 ||| Entered L.
 13104 | Lair:1   | 13104 ||| STAIRDANCE
 13119 | Lair:1   | 13119 ||| INVOKING Berserk.
 13224 | Lair:1   | 13224 ||| INVOKING Berserk.
 13228 | Lair:1   | Reached skill level 15 in Axes
 13286 | Lair:1   | 13286 ||| INVOKING Berserk.
 13349 | Lair:1   | Received a gift from Trog
 13358 | Lair:1   | 13358 ||| UPGRADING to glowing broad axe {god gift}.
 13359 | Lair:1   | 13359 ||| DROPPING +2 war axe.
 13641 | Lair:1   | Noticed an eight-headed hydra
 13642 | Lair:1   | 13642 ||| INVOKING Brothers in Arms.
 13645 | Lair:1   | 13645 ||| INVOKING Berserk.
 13657 | Lair:1   | Killed a 17-headed hydra
 13657 | Lair:1   | Reached XP level 12. HP: 54/73 MP: 12/12
 13713 | Lair:1   | 13713 ||| EATING 2 meat rations.
 14017 | Lair:1   | Noticed a six-headed hydra
 14018 | Lair:1   | 14018 ||| INVOKING Brothers in Arms.
 14021 | Lair:1   | 14021 ||| INVOKING Berserk.
 14036 | Lair:1   | HP: 26/109 [19-headed hydra (4)]
 14038 | Lair:1   | HP: 6/109 [20-headed hydra (8)]
 14038 | Lair:1   | HP: 2/109 [20-headed hydra (4)]
 14038 | Lair:1   | Slain by a 20-headed hydra

Vault maps used:
D:1:      dpeg_arrival_pits, minivault_25, minmay_misc_feat_hallway
D:2:      wad_orctagon, uniq_sigmund, uniq_crazy_yiuf_cottage
D:3:      gammafunk_temple_overflow_claw, lemuel_doored_altar,
          gup_sewer_entry_glass, first_bread, st_stairs_2,
          nicolae_tso_swordbearing_angel
D:4:      kennysheep_nondescript
D:5:      nemelex_dance_club_becter
D:6:      kennysheep_mini_moat, xom_butterflies, uniq_duvessa, uniq_eustachio,
          uniq_blork_the_orc
D:7:      minmay_klotski, minmay_temple_entry_large_hall, minmay_misc_feat_iff
D:8:      lemuel_round_altar, grunt_temple_overflow_cloverleaf, okawaru_humans,
          uniq_maurice
D:9:      orc_0_dummy, grunt_pizzeria, minmay_misc_feat_pillars,
          kennysheep_island_fort
D:11:     dpeg_lair_monsters, uniq_psyche
Lair:1:   grunt_megastairs_4
Sewer:    sewer_kobolds

Action                   |  1- 3 |  4- 6 |  7- 9 | 10-12 || total
-------------------------+-------+-------+-------+-------++-------
Melee: Hand axe          |    95 |   182 |    62 |       ||   339
       War axe           |       |       |   455 |   595 ||  1050
       Broad axe         |       |       |       |    79 ||    79
Throw: Javelin           |    30 |    30 |    57 |     3 ||   120
       Tomahawk          |       |    15 |   106 |    15 ||   136
Invok: Berserk           |       |     6 |     9 |    22 ||    37
       Burn Spellbooks   |       |       |     2 |     1 ||     3
       Brothers in Arms  |       |       |       |     9 ||     9
  Use: Scroll            |       |     4 |    12 |    11 ||    27
       Potion            |       |     4 |       |     2 ||     6
  Eat: Chunk             |     1 |     2 |     5 |    16 ||    24
       Pizza             |       |     1 |     1 |     8 ||    10
       Beef jerky        |       |     1 |       |       ||     1
       Bread ration      |       |     2 |     1 |       ||     3
       Meat ration       |       |       |     3 |     3 ||     6
